 Dungeon Crawl Stone Soup version 0.27-a0-1278-g6cbc8dfb29 (webtiles) character file.

Game seed: 16247868635844600870

3990 deletemesenpai the Cleaver (level 10, 0/84 HPs)
             Began as a Hill Orc Fighter on June 12, 2021.
             Was an Initiate of Beogh.
             Slain by a skeletal warrior (6 damage)
             ... led by a death knight
             ... on level 8 of the Dungeon.
             The game lasted 00:26:28 (9503 turns).

deletemesenpai the Cleaver (Hill Orc Fighter)       Turns: 9503, Time: 00:26:28

Health: 0/84       AC: 21    Str: 20    XL:     10   Next: 22%
Magic:  10/10      EV:  9    Int:  8    God:    Beogh [......]
Gold:   293        SH: 12    Dex: 13    Spells: 9/9 levels left

rFire    + . .     SeeInvis .   t - +2 flail (protect)
rCold    x . .     Faith    .   c - +1 kite shield
rNeg     . . .     Spirit   .   r - +0 plate armour
rPois    .         Reflect  .   (no helmet)
rElec    .         Harm     .   (no cloak)
rCorr    .         Rampage  .   C - +0 pair of gloves
Will     .....                  (no boots)
Stlth    ..........             (no amulet)
HPRegen  0.24/turn              v - ring "Odiolier" {Fly EV+4}
MPRegen  0.12/turn              p - ring of fire

@: under a protective aura, attractive, flying, hasted (expiring), very quick
A: no striking features
a: Renounce Religion


You were on level 8 of the Dungeon.
You worshipped Beogh.
Beogh was noncommittal.
You visited 1 branch of the dungeon, and saw 8 of its levels.

You collected 293 gold pieces.

Inventory:

Hand Weapons
 a - a +3 hand axe of freezing
 d - a +2 vorpal flail
 t - a +2 flail of protection (weapon)
 E - the +4 hand axe of the Jolly Hosts {vorpal, Int+4}
   (You found it on level 6 of the Dungeon)

   It inflicts extra damage upon your enemies.
   It affects your intelligence (+4).
Missiles
 m - 13 boomerangs (quivered)
 s - 47 poisoned darts
 x - 5 silver javelins
 A - 4 javelins
 F - 2 boomerangs of dispersal
 I - 7 atropa-tipped darts
Armour
 c - a +1 kite shield (worn)
 r - a +0 plate armour (worn)
 C - a +0 pair of gloves (worn)
Magical Staves
 z - a staff of poison
 B - a staff of conjuration
Jewellery
 g - an amulet of magic regeneration
 p - a ring of fire (right hand)
 v - the ring "Odiolier" (left hand) {Fly EV+4}
   (You found it on level 4 of the Dungeon)

   [ring of evasion]

   It affects your evasion (+4).
   It grants you flight.
 w - a ring of ice
Wands
 b - a wand of digging (12)
 G - a wand of flame (7)
Scrolls
 h - 13 scrolls of identify {unknown}
 l - a scroll of fog
 n - 2 scrolls of amnesia
 H - a scroll of magic mapping
Potions
 e - a potion of attraction
 f - 2 potions of haste
 j - a potion of flight
 q - 2 potions of lignification


   Skills:
 + Level 6.4 Fighting
 * Level 10.7(11.5) Axes
 + Level 5.8(8.2) Maces & Flails
 + Level 0.8 Throwing
 + Level 7.0 Armour
 - Level 1.0 Dodging
 * Level 9.0 Shields
 + Level 0.8 Evocations


You had 9 spell levels left.
You didn't know any spells.
Your spell library contained the following spells:

 Spells                   Type           Power      Damage    Failure   Level
 Summon Small Mammal      Summ           0%         N/A       100%        1
 Call Imp                 Summ           0%         N/A       100%        2
 Poisonous Vapours        Pois/Air       0%         N/A       100%        2
 Call Canine Familiar     Summ           0%         N/A       100%        3
 Confusing Touch          Hex            0%         N/A       100%        3
 Conjure Flame            Conj/Fire      0%         6-21      100%        3
 Gell's Gravitas          Tloc           0%         N/A       100%        3
 Mephitic Cloud           Conj/Pois/Air  0%         N/A       100%        3
 Summon Guardian Golem    Hex/Summ       0%         N/A       100%        3
 Petrify                  Tmut/Erth      0%         N/A       100%        4
 Summon Ice Beast         Ice/Summ       0%         N/A       100%        4
 Summon Lightning Spire   Summ/Air       0%         N/A       100%        4
 Freezing Cloud           Conj/Ice/Air   0%         6-21      100%        5
 Metabolic Englaciation   Hex/Ice        0%         N/A       100%        5
 Yara's Violent Unravell  Hex/Tmut       0%         3d3       100%        5


Dungeon Overview and Level Annotations

Branches:
Dungeon (8/15)             Temple (0/1) D:7            Lair (0/6) D:8

Altars:
Yredelemnul
Zin

Annotations:
D:3 1 runed translucent door, Crazy Yiuf
D:5 2 transporters, arson's ghost, novice MiFi


Message History

You cannot blink because you are held in place by your roots.
It was a scroll of blinking.
You block the skeletal warrior's attack.
You cannot move.
As you read the scroll labelled XYTHUR XOATU, it crumbles to dust.
You feel aware of your surroundings.
It was a scroll of magic mapping.
The skeletal warrior hits you but does no damage.
Okay, then.
As you read the scroll labelled JAZANE RORGHUEG, it crumbles to dust.
It is a scroll of enchant armour.
Your +0 kite shield glows green for a moment.
You cannot move.
You cannot move.
You cannot move.
You cannot move.
The skeletal warrior completely misses you.
The skeletal warrior hits you with a +0 scimitar.
* * * LOW HITPOINT WARNING * * *
You block the skeletal warrior's attack.
You hit the skeletal warrior but do no damage.
Your weapon exudes an aura of protection.
The skeletal warrior is heavily damaged.
You feel less wooden.
Your +0 pair of gloves unmelds from your body.
Your +0 plate armour unmelds from your body.
The skeletal warrior is pulled toward you!
There is an open door here.
The phantasmal warrior is pulled toward you!
The phantasmal warrior is pulled toward you!
The skeletal warrior is pulled toward you!
You barely miss the phantasmal warrior.
The skeletal warrior hits you with a +0 scimitar.
* * * LOW HITPOINT WARNING * * *
You block the phantasmal warrior's attack.
You hit the phantasmal warrior.
Your weapon exudes an aura of protection.
The phantasmal warrior is lightly damaged.
Your extra speed is starting to run out.
The skeletal warrior hits you with a +0 scimitar.
You die...

*,*#.......#######.#### #.#
#.# *,##........## #.#
#p###.# *,...........# #.#
#...p.. ***#.........#
##'## #####.# #.........#
##...## #.#
##.......####.....## ###.#
##..§§.####.......## ##....
##.§§####.........####....#
#..§§§§§'z@W......'........
##.§§####.........####...##
##§## ##.......## ##.###
####.# ##.....## #.###
#....# ##...## #.... #.####
##'## #.### #.# #.# #.#..
#.####### #.# #.#.#
#.#.....# ##.## #.#.#


You could see a skeletal warrior and a phantasmal warrior.

Vanquished Creatures
  A centaur warrior (D:8)
  A skeletal warrior (D:8)
  Maggie (D:6)
  2 wyverns
  Edmund (D:5)
  A water moccasin (D:8)
  2 black bears
  An ice beast (D:6)
  2 necrophages
  2 sky beasts
  2 ogres (D:5)
  A centaur (D:5)
  A phantom (D:7)
  A bullfrog (D:8)
  A wyvern zombie (D:7)
  2 scorpions
  A water moccasin zombie (D:6)
  A wyvern skeleton (D:6)
  5 wights (D:6)
  A howler monkey (D:5)
  A hound (D:6)
  4 jellies
  A bullfrog skeleton (D:5)
  2 bullfrog zombies
  2 centaur zombies
  An orc priest (D:8)
  A centaur skeleton (D:6)
  An iguana (D:6)
  2 orc wizards (D:8)
  A hound skeleton (D:5)
  6 gnolls
  5 adders
  2 shadow imps
  2 white imps
  A worm (D:3)
  4 dart slugs
  14 orcs
  3 endoplasms
  3 giant cockroaches
  10 goblins
  3 hobgoblins
  10 jackals
  A quokka (D:1)
  6 ball pythons
  5 bats
  3 frilled lizards
  4 kobolds
  3 rats
  2 bushes (D:7)
133 creatures vanquished.

Vanquished Creatures (others)
  An orc warrior (D:8)
  2 black bears (D:8)
  An ice beast (D:8)
  A centaur (D:8)
  A scorpion (D:8)
  A bullfrog (D:8)
  A killer bee (D:8)
  A gnoll shaman (D:8)
  An orc priest (D:8)
  2 gnolls (D:8)
  An orc (D:8)
  53 fungi (D:8)
  50 plants (D:8)
116 creatures vanquished.

Grand Total: 249 creatures vanquished

Notes
Turn   | Place    | Note
-------+----------+-------------------------------------------
     0 | D:1      | deletemesenpai the Hill Orc Fighter began the quest for the
                  | Orb.
     0 | D:1      | Reached XP level 1. HP: 19/19 MP: 1/1
    78 | D:1      | Reached skill level 3 in Axes
    90 | D:1      | Reached XP level 2. HP: 27/27 MP: 2/2
   769 | D:2      | Reached XP level 3. HP: 18/33 MP: 3/3
   930 | D:2      | Found a faded altar of an unknown god.
  1035 | D:2      | Found a glowing silver altar of Zin.
  1254 | D:2      | Reached XP level 4. HP: 36/40 MP: 4/4
  1615 | D:3      | Reached skill level 4 in Axes
  1882 | D:3      | Found a runed translucent door.
  1883 | D:3      | Noticed Crazy Yiuf
  2004 | D:3      | Reached XP level 5. HP: 43/46 MP: 5/5
  2613 | D:4      | Noticed a necrophage
  2630 | D:4      | Killed a necrophage
  2631 | D:4      | Reached skill level 5 in Axes
  2631 | D:4      | Reached skill level 1 in Dodging
  2631 | D:4      | Reached XP level 6. HP: 36/53 MP: 6/6
  2803 | D:4      | Identified the +7 whip of Execution {flame, rPois}
  2893 | D:4      | Reached skill level 6 in Axes
  3138 | D:4      | Identified the ring "Odiolier" {Fly EV+4}
  3528 | D:5      | Entered Level 5 of the Dungeon
  3539 | D:5      | Found a transporter.
  3541 | D:5      | Identified the +5 great mace "Lofut" {flame, rPois Will+++
                  | Dex+4 Stlth-}
  3543 | D:5      | Noticed arson's ghost (novice MiFi)
  3562 | D:5      | Reached skill level 1 in Maces & Flails
  3874 | D:5      | Noticed a black bear
  3879 | D:5      | Reached XP level 7. HP: 29/60 MP: 7/7
  4207 | D:5      | Noticed Edmund
  4232 | D:5      | Killed Edmund
  4233 | D:5      | Reached skill level 5 in Shields
  4503 | D:5      | Reached skill level 5 in Fighting
  4503 | D:5      | Reached skill level 7 in Axes
  4514 | D:5      | Reached XP level 8. HP: 55/68 MP: 8/8
  4518 | D:5      | Reached skill level 5 in Armour
  4741 | D:5      | Found a transporter.
  5284 | D:6      | Found a basalt altar of Yredelemnul.
  5724 | D:6      | Identified the +4 hand axe of the Jolly Hosts {vorpal,
                  | Int+4}
  5879 | D:6      | Noticed Maggie
  5899 | D:6      | Killed Maggie
  5900 | D:6      | Reached skill level 5 in Maces & Flails
  6001 | D:6      | Reached XP level 9. HP: 53/74 MP: 9/9
  6003 | D:6      | Reached skill level 8 in Axes
  6360 | D:7      | Reached skill level 9 in Axes
  6633 | D:7      | Found a staircase to the Ecumenical Temple.
  7064 | D:8      | Became a worshipper of Beogh the Brigand
  7421 | D:8      | Noticed a centaur warrior
  7429 | D:8      | Killed a centaur warrior
  7430 | D:8      | Reached skill level 10 in Axes
  7430 | D:8      | Reached XP level 10. HP: 28/83 MP: 10/10
  7939 | D:8      | Found a staircase to the Lair.
  8181 | D:8      | Noticed a death knight
  8181 | D:8      | Noticed a skeletal warrior
  8181 | D:8      | Noticed a skeletal warrior
  8189 | D:8      | Noticed a phantasmal warrior
  8997 | D:8      | Killed an orc warrior
  9061 | D:8      | Killed a skeletal warrior
  9503 | D:8      | Slain by a skeletal warrior

Illustrated notes

Levels and vault maps discovered:
D:1:      dpeg_arrival_lava_temple_mockup, layout_loops_ring,
          kennysheep_flooded_box, minmay_misc_feat_hallway, minmay_tetromino_i2
D:2:      layout_loops_cross, hellmonk_ecumenical_altar_arch_garden, basic_altar
D:3:      layout_loops_ring, uniq_crazy_yiuf_cottage
D:4:      layout_loops_ring
D:5:      wander_river, layout_layer_cave, gammafunk_ghost_smash,
          serial_park_tiny_1, glass_columns_b, uniq_edmund
D:6:      layout_basic, marbit_many_paths, hangedman_decor_growths, uniq_maggie
D:7:      layout_rooms, minmay_temple_entry_enclosed_plants,
          grunt_decor_junction, minmay_hedge_maze
D:8:      layout_loops_corners, due_lair_maze_entry_diamond

Skill      XL: |  1  2  3  4  5  6  7  8  9 10 |
---------------+-------------------------------+-----
Axes           | 3 4 5 6 7 10 | 10.7
Fighting       | 4 5 6 |  6.4
Armour         | 4 5 6 7 |  7.0
Dodging        | 1 |  1.0
Shields        | 4 5 6 8 9 |  9.0
Maces & Flails | 2 3 5 |  5.8
Throwing       | |  0.8
Evocations     | |  0.8

Action                   |  1- 3 |  4- 6 |  7- 9 | 10-12 || total
-------------------------+-------+-------+-------+-------++-------
Melee: War axe           |   105 |   108 |       |       ||   213
       Flail             |       |    62 |   159 |    35 ||   256
       Hand axe          |       |       |   177 |    76 ||   253
Throw: Javelin           |       |       |     6 |       ||     6
       Boomerang         |       |       |     3 |     1 ||     4
Invok: Convert to Beogh  |       |       |     1 |       ||     1
Evoke: Wand              |       |       |     4 |     8 ||    12
  Use: Potion            |       |       |     3 |    12 ||    15
       Scroll            |       |       |       |     7 ||     7
Armor: Scale mail        |    60 |    22 |       |       ||    82
       Plate armour      |       |    57 |   158 |    18 ||   233
       Skin              |       |       |       |    12 ||    12
Dodge: Dodged            |    50 |    52 |    94 |    20 ||   216
Block: Kite shield       |    79 |    82 |   158 |    52 ||   371

Table legend: (Time is in decaauts)
 A = Elapsed time spent in this place.
 B = Non-inter-level travel time spent in this place.
 C = Inter-level travel time spent in this place.
 D = Time resting spent in this place.
 E = Time spent auto-exploring this place.
 F = Levels seen in this place.
 G = Mean time per level.
                   A        B        C        D        E       F      G
               +--------+--------+--------+--------+--------+-----+--------+
         Total |   9662 |   9559 |    103 |   2237 |   4906 |   8 | 1207.8 |
       Dungeon |   9662 |   9559 |    103 |   2237 |   4906 |   8 | 1207.8 |
               +--------+--------+--------+--------+--------+-----+--------+

Top non-repeatable levels by time:
     D:8: 2222 daAuts
     D:5: 1631 daAuts
     D:6: 1159 daAuts
     D:4: 1089 daAuts
     D:7: 995 daAuts
     D:3: 916 daAuts
     D:2: 873 daAuts
     D:1: 771 daAuts
